 Dungeon Crawl Stone Soup version 0.20-a0-317-gc038824 (webtiles) character file.

676 RonnieColeman the Magician (level 7, -7/41 HPs)
             Began as an Octopode Conjurer on Dec 20, 2016.
             Mangled by a centaur (8 damage)
             ... on level 6 of the Dungeon.
             The game lasted 00:12:12 (5488 turns).

RonnieColeman the Magician (Octopode Conjurer)      Turns: 5488, Time: 00:12:13

Health: -7/41      AC:  1    Str:  7    XL:     7   Next: 59%
Magic:  1/16       EV: 13    Int: 20    God:
Gold:   97         SH:  0    Dex: 12    Spells: 13/18 levels left

rFire  . . .     SeeInvis .     n - +6 club
rCold  . . .     Gourm    .     (no shield)
rNeg   . . .     Faith    .     (helmet restricted)
rPois  +         Spirit   .     (no amulet)
rElec  .         Reflect  .     h - ring of poison resistance
rCorr  .         Harm     .     B - ring of protection from magic
MR     +....                    (no ring)
Stlth  +++.......               (no ring)
                                (no ring)
                                (no ring)
                                (no ring)
                                (no ring)

@: no status effects
A: almost no armour, stealthy swim, amphibious, 8 rings, constrict 8, camouflage
1, gelatinous body 1
a: no special abilities


You were on level 6 of the Dungeon.
You were very hungry.

You visited 2 branches of the dungeon, and saw 7 of its levels.

You collected 266 gold pieces.
You spent 169 gold pieces at shops.

Inventory:

Hand Weapons
 g - a +0 dagger
 n - a +6 club (weapon)
 u - a +0 trident
 H - a +1 hand axe of chopping
Magical Staves
 q - an uncursed staff of death
Jewellery
 h - a ring of poison resistance (left tentacle)
 B - a ring of protection from magic (right tentacle)
Wands
 s - a wand of enslavement (0/24)
 z - a wand of slowing (23/48)
 F - a wand of lightning (4/15)
Scrolls
 c - 11 scrolls of identify {unknown}
 d - 2 scrolls of magic mapping {unknown}
 e - 2 scrolls of immolation {unknown}
 f - 2 scrolls of noise {unknown}
 i - 6 scrolls of fear {unknown}
 l - a scroll of enchant armour {unknown}
 o - 2 scrolls of recharging {unknown}
 t - 2 scrolls of fog {unknown}
 v - a scroll of enchant weapon {unknown}
 w - a scroll of amnesia {unknown}
 y - a scroll of remove curse {unknown}
Potions
 j - a potion of haste {unknown}
 k - a potion of lignification {unknown}
 m - 2 potions of agility {unknown}
 p - 4 potions of brilliance {unknown}
 r - 2 potions of curing
 x - a potion of mutation {unknown}
 A - a potion of degeneration {unknown}
 D - a potion of flight {unknown}
 E - 2 potions of invisibility {unknown}
 I - 2 potions of heal wounds
Books
 a - a book of Conjurations

   Spells                             Type                      Level
   a - Magic Dart                     Conjuration                  1
   b - Searing Ray                    Conjuration                  2
   c - Dazzling Spray                 Conjuration/Hexes            3
   d - Fulminant Prism                Conjuration/Hexes            4
   e - Iskenderun's Mystic Blast      Conjuration                  4
   f - Iskenderun's Battlesphere      Conjuration/Charms           5
Comestibles
 b - 4 bread rations
 C - a royal jelly
 J - a meat ration


   Skills:
 - Level 2.0 Dodging
 - Level 2.6 Stealth
 * Level 6.3 Spellcasting
 + Level 6.1 Conjurations


You had 13 spell levels left.
You knew the following spells:

 Your Spells              Type           Power        Failure   Level  Hunger
a - Magic Dart            Conj           ####         1%          1    None
c - Iskenderun's Mystic   Conj           ####....     10%         4    ####...


Dungeon Overview and Level Annotations

Branches:
Dungeon (6/15)             Temple (1/1) D:4

Altars:
Ashenzari
Dithmenos
Elyvilon
Hepliaklqana
Kikubaaqudgha
Makhleb
Nemelex Xobeh
Qazlal
Uskayaw
Xom
Yredelemnul
Zin

Shops:
D:5 !%!


Innate Abilities, Weirdness & Mutations

You cannot wear most types of armour.
You are very stealthy in the water. (Stealth+)
You are amphibious.
You can wear up to eight rings at the same time.
You can use your tentacles to constrict eight enemies at once.
Your skin changes colour to match your surroundings (Stealth+).
Your rubbery body absorbs attacks. (AC +1, EV +1)


Message History

You hear a screech!
The centaur shoots an arrow.
The arrow hits you.
* * * LOW HITPOINT WARNING * * *
Casting: Iskenderun's Mystic Blast
Confirm with . or Enter, or press ? or * to list all spells.
Aiming: Magic Dart
Press: ? - help, Shift-Dir - straight line, f/p - centaur
Aim: a centaur, wielding a shortbow (heavily wounded)
The magic dart hits the centaur.
The centaur is severely wounded.
The centaur shoots an arrow.
The arrow closely misses you.
The hippogriff screeches!
The centaur unwields an uncursed shortbow.
The centaur barely misses you.
You hit the centaur.
The centaur is almost dead.
The centaur hits you!
* * * LOW HITPOINT WARNING * * *
The centaur hits you!
You die...

. .......
#..##......... #.
...........
#..#.........#
..#.........# #
......[....#
##.## #c........#
#.....#@........#
#..<........+
#.#.........#
......(.(......#
..##.#####..####
.. ## #.# . .H#
... ...#


You could see a hippogriff and a centaur.

Vanquished Creatures
  An ice beast (D:5)
  An ogre (D:4)
  A crimson imp (D:5)
  Crazy Yiuf (D:3)
  A hound (D:5)
  A bullfrog skeleton (D:4)
  2 worker ants (D:4)
  Terence (D:3)
  Robin (D:2)
  3 gnolls (D:3)
  11 adders
  A howler monkey skeleton (D:4)
  A shadow imp (D:5)
  An ooze (D:1)
  2 adder skeletons (D:4)
  4 worms
  4 dart slugs
  9 orcs
  A ball python (D:3)
  3 bats
  4 giant cockroaches
  11 goblins
  12 hobgoblins
  2 jackals (D:3)
  2 quokkas
  3 frilled lizards (D:2)
  5 kobolds
  10 rats
99 creatures vanquished.

Vanquished Creatures (collateral kills)
  An orc wizard (D:3)
1 creature vanquished.

Vanquished Creatures (others)
  4 toadstools (D:1)
4 creatures vanquished.

Grand Total: 104 creatures vanquished

Notes
Turn   | Place    | Note
-------+----------+-------------------------------------------
     0 | D:1      | RonnieColeman the Octopode Conjurer began the quest for the Orb.
     0 | D:1      | Reached XP level 1. HP: 11/11 MP: 3/3
   200 | D:1      | Reached XP level 2. HP: 10/17 MP: 5/5
   823 | D:2      | Noticed Robin
   850 | D:1      | Reached XP level 3. HP: 11/21 MP: 4/7
  1177 | D:2      | Killed Robin
  1348 | D:2      | Reached XP level 4. HP: 25/27 MP: 2/8
  2110 | D:2      | Reached XP level 5. HP: 20/31 MP: 10/10
  2325 | D:2      | Reached skill level 5 in Conjurations
  2469 | D:2      | Found a stormy altar of Qazlal.
  2786 | D:3      | Learned a level 4 spell: Iskenderun's Mystic Blast
  2946 | D:3      | Found a runed door.
  3113 | D:3      | Noticed Crazy Yiuf
  3188 | D:3      | Killed Crazy Yiuf
  3188 | D:3      | Reached XP level 6. HP: 26/36 MP: 1/12
  3401 | D:3      | Noticed Terence
  3412 | D:3      | Killed Terence
  3636 | D:3      | Reached skill level 5 in Spellcasting
  3731 | D:3      | Found a glowing silver altar of Zin.
  4453 | D:4      | Found a staircase to the Ecumenical Temple.
  4484 | Temple   | Entered the Ecumenical Temple
  4888 | D:4      | Reached XP level 7. HP: 12/41 MP: 2/15
  5017 | D:4      | Found a shadowy altar of Dithmenos.
  5169 | D:5      | Entered Level 5 of the Dungeon
  5169 | D:5      | Found Uzatuedi's Distillery.
  5196 | D:5      | Bought a potion of curing for 39 gold pieces
  5215 | D:5      | Found Fautyguh's Distillery.
  5221 | D:5      | Bought 2 potions of heal wounds for 130 gold pieces
  5251 | D:5      | HP: 1/41 [ice beast (11)]
  5473 | D:5      | Found Toushry's Food Shop.
  5482 | D:6      | Noticed a hippogriff
  5488 | D:6      | HP: 1/41 [centaur (9)]
  5488 | D:6      | Mangled by a centaur

Vault maps used:
D:1:      ldierk_water_garden
D:2:      nicolae_qazlal_eye_of_the_storm, uniq_robin
D:3:      lemuel_doored_altar, uniq_crazy_yiuf_cottage, uniq_terence
D:4:      nicolae_dithmenos_through_a_glass_darkly, hangedman_glass_teeth
D:5:      serial_shops, shop, shop_coins, nicolae_shop_stone,
          nicolae_shop_temple_entry_statues_fountains, basic_altar, first_bread
D:6:      minmay_opposing_rooms, cheibriados_altar_1, kennysheep_generic_room_10
Temple:   jpeg_temple_island

Skill      XL: |  1  2  3  4  5  6  7 |
---------------+----------------------+-----
Spellcasting   | 3 4 5 6 |  6.3
Conjurations   | 5 6 |  6.1
Dodging        | |  2.0
Stealth        | |  2.6

Action                   |  1- 3 |  4- 6 |  7- 9 || total
-------------------------+-------+-------+-------++-------
Melee: Unarmed           |     4 |       |       ||     4
       Dagger            |    55 |       |       ||    55
       Constrict         |    15 |    25 |     3 ||    43
       Tentacles         |     9 |    13 |     3 ||    25
       Club              |    10 |   105 |    23 ||   138
 Cast: Magic Dart        |    19 |    73 |    17 ||   109
       Iskenderun's Myst |       |     9 |     7 ||    16
Evoke: Wand              |       |     3 |       ||     3
 Stab: Sleeping          |     5 |    10 |     1 ||    16
       Distracted        |       |     1 |       ||     1
  Eat: Chunk             |     1 |    13 |       ||    14
       Fruit             |       |       |     2 ||     2
Armor: Skin              |     2 |     3 |     1 ||     6
Dodge: Dodged            |    41 |    57 |    23 ||   121
